AoeStats
← Janet

Arabia

510245721Analyzed
1v1 RM · 3d ago on Sep 30, 2026· 30m 13s· 2 players
Game mode
Random Map
Map size
Tiny (2 player)
Population
200
Speed
Normal
Resources
Standard
Victory
Conquest
Starting age
Dark Age
Ending age
Imperial Age
RankedLock teamsTeams togetherTeam positionsShared explorationLock speedFull tech treeHidden civsTurbo modeCheats
Victory
Defeat
🇦🇺 Mongols · Australia
383
+14
🇨🇷 Vietnamese · Costa Rica
335
-14
crowpandacr
1:21 Loom
14:29 Feudal Age
14:53 Horse Collar
17:20 Wheelbarrow
17:01 Double-Bit Axe
17:15 Gold Mining
17:16 Stone Mining
17:13 Man-at-Arms
19:30 Town Watch
26:44 Castle Age
28:23 Hand Cart
Janet
10:34 Feudal Age
9:03 Loom
11:30 Double-Bit Axe
12:41 Bloodlines
12:44 Horse Collar
22:06 Castle Age
21:07 Scale Barding Armor
24:41 Chain Barding Armor
24:34 Forging
29:39 Crossbowman
30:26 Thumb Ring
Connection lost

Rejoining the realm…

Still unreachable

The connection could not be restored.

Session expired

The server has moved on; the page needs a fresh start.